 Dungeon Crawl Stone Soup version 0.26.1-11-gd32895ea62 (webtiles) character file.

Game seed: 18313005273647616187

71 Almogavar the Stinger (level 4, 0/27 HPs)
             Began as an Octopode Venom Mage on May 14, 2021.
             Succumbed to an adder's poison
             ... on level 2 of the Dungeon.
             The game lasted 00:06:45 (1901 turns).

Almogavar the Stinger (Octopode Venom Mage)         Turns: 1901, Time: 00:06:46

Health: 0/27       AC:  3    Str:  7    XL:     4   Next: 24%
Magic:  4/7        EV: 13    Int: 18    God:
Gold:   66         SH:  0    Dex: 12    Spells: 7/8 levels left

rFire    . . .     SeeInvis .   (no weapon)
rCold    . . .     Faith    .   (no shield)
rNeg     . . .     Spirit   .   (helmet restricted)
rPois    .         Reflect  .   (no amulet)
rElec    .         Harm     .   (no ring)
rCorr    .         Rampage  .   (no ring)
Will     .....                  (no ring)
Stlth    +++.......             (no ring)
HPRegen  0.09/turn              (no ring)
MPRegen  0.10/turn              (no ring)
                                (no ring)
                                (no ring)

@: lethally poisoned (0 -> -11)
A: almost no armour, stealthy swim, amphibious, 8 rings, constrict 8, thin
metallic scales 1, camouflage 1, low mp 1, gelatinous body 1
a: no special abilities


You were on level 2 of the Dungeon.
You visited 1 branch of the dungeon, and saw 2 of its levels.

You collected 66 gold pieces.

Inventory:

Missiles
 d - 3 atropa-tipped darts
Scrolls
 e - 4 scrolls of identify {unknown}
 g - a scroll of fear {unknown}
 h - 2 scrolls of enchant weapon {unknown}
 i - a scroll of amnesia {unknown}
Potions
 a - a potion of haste
 b - a potion of brilliance


   Skills:
 + Level 0.2 Fighting
 + Level 2.1 Dodging
 + Level 3.1 Stealth
 + Level 2.9 Spellcasting
 + Level 1.7 Transmutations
 + Level 4.4 Poison Magic


You had 7 spell levels left.
You knew the following spells:

 Your Spells              Type           Power        Failure   Level
a - Sting                 Tmut/Pois      52%          4%          1

Your spell library contained the following spells:

 Spells                   Type           Power        Failure   Level
 Poisonous Vapours        Pois/Air       20%          10%         2
 Ignite Poison            Fire/Tmut/Pois 10%          22%         3
 Mephitic Cloud           Conj/Pois/Air  8%           26%         3
 Olgreb's Toxic Radiance  Pois           18%          26%         4


Dungeon Overview and Level Annotations

Branches:
Dungeon (2/15)

Altars:


Innate Abilities, Weirdness & Mutations

You cannot wear most types of armour.
You are very stealthy in the water. (Stealth+)
You are amphibious.
You can wear up to eight rings at the same time.
You can use your tentacles to constrict eight enemies at once.
Your skin changes colour to match your surroundings (Stealth+).
Your rubbery body absorbs attacks. (AC +1, EV +1)
You are partially covered in thin metallic scales. (AC +2)
Your magical capacity is low. (-10% MP)


Message History

The sting misses the adder.
* * * LOW HITPOINT WARNING * * *
You feel sick. The adder bites you.
* * * LOW HITPOINT WARNING * * *
You are more poisoned.
The adder poisons you!
You closely miss the adder. You grab the adder.
The adder is almost dead.
You constrict the adder.
You kill the adder!
* * * LOW HITPOINT WARNING * * *
You feel sick.
* * * LOW HITPOINT WARNING * * *
You feel sick.
Your magical contamination has completely faded away.
* * * LOW HITPOINT WARNING * * *
You feel sick.
* * * LOW HITPOINT WARNING * * *
You feel sick.
You die...

...##.............#
... #......####..##
... #S5....# #..#
+## #......# #..#
.# #.###### #..# .#
#.#########..######
.#
#..........†......#
.#
############..###.#
.# #.......÷...@.#
.# #.###########.#
.# #.# #.#
.####.###########.#
.##.........†.....#
.##...#############
..'...'............
.##...#############
.##...#


There were no monsters in sight!

Vanquished Creatures
  3 adders (D:2)
  A white imp (D:2)
  3 dart slugs (D:1)
  A leopard gecko (D:2)
  3 bats (D:1)
  A goblin (D:1)
  5 hobgoblins
  7 jackals (D:1)
  3 frilled lizards (D:2)
  A kobold (D:1)
  2 rats
30 creatures vanquished.

Notes
Turn   | Place    | Note
-------+----------+-------------------------------------------
     0 | D:1      | Almogavar the Octopode Venom Mage began the quest for the
                  | Orb.
     0 | D:1      | Reached XP level 1. HP: 11/11 MP: 3/3
   450 | D:1      | Reached XP level 2. HP: 17/17 MP: 1/5
   679 | D:1      | Reached skill level 4 in Poison Magic
  1160 | D:1      | Reached XP level 3. HP: 21/21 MP: 2/6
  1606 | D:2      | Gained mutation: Your magical capacity is low. (-10% MP)
                  | [potion of mutation]
  1606 | D:2      | Gained mutation: You are partially covered in thin metallic
                  | scales. (AC +2) [potion of mutation]
  1887 | D:2      | Reached XP level 4. HP: 16/27 MP: 2/7
  1900 | D:2      | HP: 1/27 [poisoned by an adder]
  1901 | D:2      | Succumbed to an adder's poison

Illustrated notes

Levels and vault maps discovered:
D:1:      wander_arrival_desolate, layout_loops_corners
D:2:      layout_basic

Skill      XL: |  1  2 |
---------------+-------+-----
Poison Magic   | 4 |  4.4
Stealth        | 3 |  3.1
Fighting       | |  0.2
Dodging        | |  2.1
Spellcasting   | |  2.9
Transmutations | |  1.7

Action                   |  1- 3 |  4- 6 || total
-------------------------+-------+-------++-------
Melee: Unarmed           |     4 |     1 ||     5
       Constrict         |     2 |     1 ||     3
       Tentacles         |     1 |       ||     1
 Cast: Sting             |    57 |     4 ||    61
  Use: Potion            |     5 |     1 ||     6
Armor: Skin              |     4 |       ||     4
Dodge: Dodged            |    36 |     5 ||    41
